 Dungeon Crawl Stone Soup version 0.31-a0-1321-g5021b54cb2 (webtiles) character file.

Game seed: 2719303733303844204

5 Rennog the Basher (level 1, 0/13 HPs)
             Began as a Gnoll Wanderer on Dec 21, 2023.
             Slain by a kobold
             ... wielding a +0 whip
              (2 damage)
             ... on level 1 of the Dungeon.
             The game lasted 00:00:09 (72 turns).

Rennog the Basher (Gnoll Wanderer)                    Turns: 72, Time: 00:00:10

Health: 0/13       AC:  2    Str: 11    XL:     1   Next: 80%
Magic:  8/8        EV:  8    Int: 12    God:
Gold:   10         SH:  0    Dex: 10    Spells: 14/14 levels left

rFire   . . .        a - +2 mace
rCold   . . .        (no shield)
rNeg    . . .        d - +0 robe
rPois   .            (no helmet)
rElec   .            (no cloak)
rCorr   .            (no gloves)
SInv    .            (no boots)
Will    .....        (no amulet)
Stlth   +            (no ring)
HPRegen 0.22/turn    (no ring)
MPRegen 0.11/turn

%: no passive effects
@: constricted
A: fangs 1, strong nose, distributed training
a: no special abilities


You were on level 1 of the Dungeon.
You visited 1 branch of the dungeon, and saw 1 of its levels.

You collected 10 gold pieces.

Inventory:

Hand Weapons
 a - a +2 mace (weapon)
Armour
 d - a +0 robe (worn)
Wands
 b - a wand of flame (6) (quivered)
Potions
 c - a potion of curing
 e - a potion of mutation {unknown}
 f - a potion of enlightenment {unknown}


   Skills:
 + Level 0.1 Fighting
 + Level 0.1 Short Blades
 + Level 0.1 Long Blades
 + Level 0.1 Axes
 + Level 8.4 Maces & Flails
 + Level 0.1 Polearms
 + Level 0.1 Staves
 + Level 0.1 Ranged Weapons
 + Level 2.4 Throwing
 + Level 0.1 Armour
 + Level 0.1 Dodging
 + Level 0.1 Stealth
 + Level 0.1 Shields
 + Level 0.1 Unarmed Combat
 + Level 7.0 Spellcasting
 + Level 0.1 Conjurations
 + Level 0.1 Hexes
 + Level 0.1 Summonings
 + Level 0.1 Necromancy
 + Level 0.1 Translocations
 + Level 0.1 Fire Magic
 + Level 0.1 Ice Magic
 + Level 0.1 Air Magic
 + Level 0.1 Earth Magic
 + Level 0.1 Alchemy
 + Level 0.2 Invocations
 + Level 4.4 Evocations
 + Level 0.1 Shapeshifting


You had 14 spell levels left.
You didn't know any spells.
Your spell library contained the following spells:

 Spells                   Type           Power      Damage    Failure   Level
 Cigotuvi's Dreadful Rot  Necr/Alch/Air  8%         N/A       24%         2
 Mercury Vapours          Alch/Air       8%         N/A       24%         2


Dungeon Overview and Level Annotations

Branches:
Dungeon (1/15)

Altars:


Innate Abilities, Weirdness & Mutations

You have very sharp teeth.
Your uncanny sense of smell can sniff out nearby items.
Your experience applies equally to all skills.


Message History

A dart slug comes into view.
A dart slug is nearby!
A dart slug is nearby!
A dart slug is nearby!
The dart slug launches a dart at you. The slug dart hits you.
A rat comes into view.
The rat squeaks loudly.
You hear a shout!
You hear an angry hiss.
A kobold comes into view. It is wielding a +0 whip.
The kobold shouts!
A bat comes into view.
A ball python comes into view.
The bat moves out of view.
You sock the rat!
You kill the rat!
A dart slug comes into view.
You hit the dart slug.
The dart slug is lightly wounded.
The dart slug bites you.
You hit the dart slug.
The dart slug is moderately wounded.
You hit the dart slug.
The dart slug is severely wounded.
The kobold barely misses you. The dart slug misses you.
You hit the dart slug.
You kill the dart slug!
The kobold misses you.
You hit the kobold.
The kobold is severely wounded.
The ball python misses you. The ball python grabs you.
The ball python constricts you. The kobold hits you but does no damage.
You hit the ball python. You bite the ball python.
The ball python is severely wounded.
The ball python bites you. The ball python constricts you.
The kobold hits you with a +0 whip.
* * * LOW HITPOINT WARNING * * *
You are too injured to fight recklessly!
The ball python's grasp on you weakens, but your attempt to escape fails.
The ball python barely misses you. The ball python constricts you.
The kobold hits you with a +0 whip.
You die...

#.... ###.... ....... .......
....w.. ....... ......K#####
......S@...# ...#.#####.#
#.....#.# #######.#.#######
#.......#........ ..
#.####........... ... #.#
#.###..###########
.#.#+###'####.. #..# ##.......
............###.#..###........


You could see a dart slug, a ball python and a kobold.

Vanquished Creatures
  A dart slug (D:1)
  A kobold (D:1)
  A frilled lizard (D:1)
  A rat (D:1)
4 creatures vanquished.

Notes
Turn   | Place    | Note
-------+----------+-------------------------------------------
     0 | D:1      | Rennog the Gnoll Wanderer began the quest for the Orb.
     0 | D:1      | Rennog set off with the following items: a +2 mace, a wand
                  | of flame (6), a potion of curing, a +0 robe; and the
                  | following spells available to memorise: Cigotuvi's Dreadful
                  | Rot, Mercury Vapours.
     0 | D:1      | Reached XP level 1. HP: 13/13 MP: 8/8
    72 | D:1      | Slain by a kobold

Illustrated notes

Levels and vault maps discovered:
D:1:      psy_arrival_dodecagon, layout_basic, hangedman_decor_points

Action                     || total
---------------------------++-------
  Melee: Mace              ||    10
         Bite              ||     1
 Armour: Robe              ||     7
  Dodge: Dodged            ||     6

Table legend: (Time is in decaauts)
 A = Elapsed time spent in this place.
 B = Non-inter-level travel time spent in this place.
 C = Inter-level travel time spent in this place.
 D = Time resting spent in this place.
 E = Time spent auto-exploring this place.
 F = Levels seen in this place.
 G = Mean time per level.
                   A        B        C        D        E       F      G
               +--------+--------+--------+--------+--------+-----+--------+
         Total |     71 |     71 |      0 |      0 |     50 |   1 |   71.0 |
       Dungeon |     71 |     71 |      0 |      0 |     50 |   1 |   71.0 |
               +--------+--------+--------+--------+--------+-----+--------+

Top non-repeatable levels by time:
     D:1: 71 daAuts
